 Dungeon Crawl Stone Soup version 0.31-a0-986-g5e6e4ef867 (webtiles) character file.

Game seed: 737908551711033313

23 Edyrem the Shooter (level 3, -6/22 HPs)
             Began as a Tengu Hunter on Nov 10, 2023.
             Mangled by a worm (10 damage)
             ... on level 2 of the Dungeon.
             The game lasted 00:02:03 (631 turns).

Edyrem the Shooter (Tengu Hunter)                    Turns: 631, Time: 00:02:04

Health: -6/22      AC:  5    Str: 11    XL:     3   Next: 0%
Magic:  0/4        EV: 11    Int:  9    God:
Gold:   59         SH:  0    Dex: 19    Spells: 2/2 levels left

rFire   . . .        a - +0 shortbow
rCold   . . .        (shield currently unavailable)
rNeg    . . .        g - +0 ring mail
rPois   .            (helmet restricted)
rElec   .            (no cloak)
rCorr   .            (no gloves)
SInv    .            (boots unavailable)
Will    +....        h - amulet of guardian spirit
Stlth   +            l - ring of willpower
HPRegen 0.23/turn    (no ring)
MPRegen 0.09/turn

%: acrobat, guardian spirit
@: no status effects
A: beak, talons 3, acrobatic
a: no special abilities


You were on level 2 of the Dungeon.
You visited 1 branch of the dungeon, and saw 2 of its levels.

You collected 59 gold pieces.

Inventory:

Hand Weapons
 a - a +0 shortbow (weapon)
Armour
 c - a +0 leather armour
 g - a +0 ring mail (worn)
Jewellery
 h - an amulet of guardian spirit (around neck)
 l - a ring of willpower (left hand)
Scrolls
 b - a scroll of butterflies
 e - a scroll of enchant armour {unknown}
 f - a scroll of revelation {unknown}
 i - a scroll of teleportation {unknown}
 j - a scroll of enchant weapon {unknown}
 k - a scroll of blinking {unknown}
 m - a scroll of fog {unknown}
Potions
 d - a potion of heal wounds {unknown}


   Skills:
 * Level 2.6 Fighting
 * Level 4.8 Ranged Weapons
 + Level 1.0 Armour
 - Level 2.1 Dodging
 - Level 1.0 Stealth


You had 2 spell levels left.
You didn't know any spells.
Your spell library was empty.

Dungeon Overview and Level Annotations

Branches:
Dungeon (2/15)

Altars:


Innate Abilities, Weirdness & Mutations

You have a beak for a mouth.
You have claws for feet.
You can magically evade attacks while moving or waiting.


Message History

You shoot an arrow. The arrow closely misses the jackal.
The jackal bites you but does no damage.
The jackal barely misses you.
You shoot an arrow. The arrow barely misses the jackal.
The jackal bites you. The rat bites you but does no damage.
You shoot an arrow. The arrow hits the jackal.
The jackal is severely wounded.
The jackal barely misses you. The jackal misses you. The rat barely misses you.
You shoot an arrow. The arrow hits the jackal.
The jackal is almost dead.
The jackal bites you but does no damage.
The rat bites you.
The jackal bites you but does no damage.
The rat bites you but does no damage.
You shoot an arrow. The arrow hits the jackal.
You kill the jackal!
The rat bites you but does no damage.
You have reached level 3!
Your experience leads to an increase in your attributes!
Increase (S)trength, (I)ntelligence, or (D)exterity?
You feel agile. x2
You shoot an arrow. The arrow hits the worm.
The worm is moderately wounded.
The rat misses you. The worm bites you.
You shoot an arrow. The arrow hits the worm.
The worm is moderately wounded.
The rat twitches its whiskers.
The rat bites you. The worm misses you. The rat barely misses you.
You shoot an arrow. The arrow hits the worm!
The worm is severely wounded.
The rat barely misses you. The worm bites you.
* * * LOW HITPOINT WARNING * * *
You shoot an arrow.
The arrow hits the worm but does no damage.
The worm is severely wounded.
The rat twitches its whiskers.
The rat bites you but does no damage.
You shoot an arrow. The arrow barely misses the worm.
The rat barely misses you. The worm bites you!
You die...

######
#....#
#..r.#
##†.w@#
#.†<###
#...?#
#.#.##
.. #.
#. #. #
#. #.
..


You could see a worm and a rat.

Vanquished Creatures
  A dart slug (D:1)
  3 ball pythons (D:1)
  2 bats (D:1)
  An endoplasm (D:1)
  A giant cockroach (D:1)
  6 jackals
  A kobold (D:1)
  A frilled lizard (D:1)
  2 rats (D:1)
18 creatures vanquished.

Notes
Turn   | Place    | Note
-------+----------+-------------------------------------------
     0 | D:1      | Edyrem the Tengu Hunter began the quest for the Orb.
     0 | D:1      | Reached XP level 1. HP: 12/12 MP: 2/2
    78 | D:1      | Reached XP level 2. HP: 17/17 MP: 3/3
   617 | D:2      | Reached skill level 1 in Armour
   627 | D:2      | Reached XP level 3. HP: 13/22 MP: 0/4
   631 | D:2      | Mangled by a worm

Illustrated notes

Levels and vault maps discovered:
D:1:      roadster_arrival_rocket_large, layout_rooms
D:2:      layout_rooms

Skill      XL: |  1  2 |
---------------+-------+-----
Armour         | 1 |  1.0
Fighting       | |  2.6
Ranged Weapons | |  4.8
Dodging        | |  2.1
Stealth        | |  1.0

Action                     || total
---------------------------++-------
   Fire: Shortbow          ||    50
 Armour: Leather armour    ||     5
         Ring mail         ||    20
  Dodge: Dodged            ||    25

Table legend: (Time is in decaauts)
 A = Elapsed time spent in this place.
 B = Non-inter-level travel time spent in this place.
 C = Inter-level travel time spent in this place.
 D = Time resting spent in this place.
 E = Time spent auto-exploring this place.
 F = Levels seen in this place.
 G = Mean time per level.
                   A        B        C        D        E       F      G
               +--------+--------+--------+--------+--------+-----+--------+
         Total |    643 |    553 |     90 |      0 |    424 |   2 |  321.5 |
       Dungeon |    643 |    553 |     90 |      0 |    424 |   2 |  321.5 |
               +--------+--------+--------+--------+--------+-----+--------+

Top non-repeatable levels by time:
     D:1: 619 daAuts
     D:2: 23 daAuts
